 Dungeon Crawl Stone Soup version 0.24.0-123-gd5b16e6ec5 (webtiles) character file.

Game seed: 17212163652205104619, levelgen mode: deterministic

307 Hybris the Magician (level 6, -4/44 HPs)
             Began as a Gnoll Wizard on Dec 25, 2019.
             Slain by a gnoll
             ... wielding a +0 whip
              (6 damage)
             ... on level 4 of the Dungeon.
             The game lasted 00:16:14 (3143 turns).

Hybris the Magician (Gnoll Wizard)                  Turns: 3143, Time: 00:16:14

Health: -4/44      AC:  4    Str: 10    XL:     6   Next: 40%
Magic:  0/16       EV: 14    Int: 22    God:
Gold:   152        SH:  0    Dex: 13    Spells: 10/19 levels left

rFire    . . .     SeeInvis .   s - +0 spear
rCold    . . .     Gourm    .   (no shield)
rNeg     . . .     Faith    .   a - +0 robe
rPois    .         Spirit   .   h - +0 helmet
rElec    .         Reflect  .   (no cloak)
rCorr    +         Harm     .   (no gloves)
MR       .....                  e - +0 pair of boots
Stlth    +++.......             p - amulet of the acrobat
HPRegen  0.14/turn              f - ring of resist corrosion
MPRegen  0.15/turn              (no ring)

@: lethally poisoned (-4 -> -6), flying (expiring)
A: distributed training, fangs 1, strong nose
a: no special abilities


You were on level 4 of the Dungeon.
You were not hungry.

You visited 1 branch of the dungeon, and saw 4 of its levels.
You also visited: Sewer.

You collected 152 gold pieces.

Inventory:

Hand Weapons
 s - a +0 spear (weapon)
Missiles
 n - 9 poisoned darts (quivered)
Armour
 a - a +0 robe (worn)
 e - a +0 pair of boots (worn)
 h - a +0 helmet (worn)
Jewellery
 f - a ring of resist corrosion (left hand)
 p - an amulet of the acrobat (around neck)
Scrolls
 b - 3 scrolls of remove curse
 c - 2 scrolls of teleportation
 g - a scroll of noise {unknown}
 i - 2 scrolls of identify
 j - a scroll of random uselessness {unknown}
 l - 2 scrolls of amnesia {unknown}
 o - a scroll of fog {unknown}
 q - a scroll of magic mapping {unknown}
Potions
 k - a potion of haste {unknown}
 m - a potion of might {unknown}
 t - a potion of cancellation {unknown}
 u - a potion of berserk rage {unknown}
 v - a potion of flight
 w - 2 potions of heal wounds {unknown}
Comestibles
 d - 5 rations


   Skills:
 + Level 1.9 Fighting
 + Level 1.9 Short Blades
 + Level 1.9 Long Blades
 + Level 1.9 Axes
 + Level 1.9 Maces & Flails
 + Level 1.9 Polearms
 + Level 1.9 Staves
 + Level 1.9 Slings
 + Level 1.9 Bows
 + Level 1.9 Crossbows
 + Level 1.9 Throwing
 + Level 1.9 Armour
 + Level 4.9 Dodging
 + Level 4.5 Stealth
 + Level 1.9 Shields
 + Level 1.9 Unarmed Combat
 + Level 7.4 Spellcasting
 + Level 2.6 Conjurations
 + Level 1.5 Hexes
 + Level 1.5 Charms
 + Level 2.6 Summonings
 + Level 1.5 Necromancy
 + Level 2.6 Translocations
 + Level 1.5 Transmutations
 + Level 1.5 Fire Magic
 + Level 1.5 Ice Magic
 + Level 1.5 Air Magic
 + Level 1.5 Earth Magic
 + Level 1.5 Poison Magic
 + Level 2.1 Invocations
 + Level 1.9 Evocations


You had 10 spell levels left.
You knew the following spells:

 Your Spells              Type           Power        Failure   Level  Hunger
a - Magic Dart            Conj           ###.         2%          1    None
b - Blink                 Tloc           N/A          4%          2    None
d - Conjure Flame         Conj/Fire      ###.....     11%         3    None
e - Mephitic Cloud        Conj/Pois/Air  ###.....     11%         3    None

Your spell library contained the following spells:

 Spells                   Type           Power        Failure   Level  Hunger
 Call Imp                 Summ           ###.....     4%          2    None
 Slow                     Hex            ##......     6%          2    None


Dungeon Overview and Level Annotations

Branches:
Dungeon (4/15)              Sewer (visited)
 Temple: D:4-7

Altars:
Elyvilon
Kikubaaqudgha
Makhleb
Nemelex Xobeh
Qazlal
Wu Jian
Xom


Innate Abilities, Weirdness & Mutations

Your experience applies equally to all skills.
You have very sharp teeth.
Your uncanny sense of smell can sniff out nearby items.


Message History

The magic dart hits the gnoll.
The gnoll is almost dead.
You feel sick. The gnoll hits you with a +0 whip.
Casting: Magic Dart (safe; 2% risk of failure)
Confirm with . or Enter, or press ? or * to list all spells.
Aiming: Magic Dart (safe; 2% risk of failure)
Press: ? - help, Shift-Dir - straight line, f/p - gnoll
Aim: a gnoll, wielding a +0 whip and wearing a +0 robe (almost dead)
The magic dart hits the gnoll but does no damage.
The gnoll is almost dead.
The gnoll hits you but does no damage.
You hit the gnoll but do no damage. You bite the gnoll, but do no damage.
The gnoll is almost dead.
You are starting to lose your buoyancy.
You feel sick. The gnoll hits you with a +0 whip!
* * * LOW HITPOINT WARNING * * *
You hit the gnoll but do no damage.
The gnoll is almost dead.
The gnoll hits you with a +0 whip.
You die...

## ..###
#....#########
#..!........#
#...........#
#....≈≈≈....#
#..≈(≈)≈...####
#..≈(@≈≈.......
#..≈≈≈g≈...##
#..$≈≈≈.)..####
#......=.......
#.........#####
######.####
#......#
#.###### #


You could see a gnoll.

Vanquished Creatures
  A big kobold (Sewer)
  A worker ant (D:4)
  5 gnolls
  4 adders
  3 river rats
  3 oozes
  A worm (D:3)
  3 dart slugs
  5 leopard geckos
  2 orcs
  A ball python (D:4)
  4 giant cockroaches
  7 goblins
  8 hobgoblins
  6 jackals
  A quokka (D:2)
  5 bats
  5 frilled lizards
  7 kobolds
  11 rats
83 creatures vanquished.

Notes
Turn   | Place    | Note
-------+----------+-------------------------------------------
     0 | D:1      | Hybris the Gnoll Wizard began the quest for the Orb.
     0 | D:1      | Reached XP level 1. HP: 13/13 MP: 8/8
   140 | D:1      | Reached XP level 2. HP: 19/19 MP: 8/10
   186 | D:1      | Learned a level 2 spell: Blink
   364 | D:1      | Reached XP level 3. HP: 25/25 MP: 8/11
   706 | D:2      | Reached skill level 1 in Invocations
   716 | D:2      | Learned a level 3 spell: Conjure Flame
   720 | D:2      | Learned a level 3 spell: Mephitic Cloud
   859 | D:2      | Reached skill level 1 in Fighting
   859 | D:2      | Reached skill level 1 in Short Blades
   859 | D:2      | Reached skill level 1 in Long Blades
   859 | D:2      | Reached skill level 1 in Axes
   859 | D:2      | Reached skill level 1 in Maces & Flails
   859 | D:2      | Reached skill level 1 in Polearms
   859 | D:2      | Reached skill level 1 in Staves
   859 | D:2      | Reached skill level 1 in Slings
   859 | D:2      | Reached skill level 1 in Bows
   859 | D:2      | Reached skill level 1 in Crossbows
   859 | D:2      | Reached skill level 1 in Throwing
   859 | D:2      | Reached skill level 1 in Armour
   859 | D:2      | Reached skill level 1 in Shields
   859 | D:2      | Reached skill level 1 in Unarmed Combat
   859 | D:2      | Reached skill level 1 in Evocations
   878 | D:2      | Reached XP level 4. HP: 32/32 MP: 7/13
  1428 | D:3      | Found a shimmering altar of Xom.
  1757 | D:2      | Reached skill level 1 in Hexes
  1757 | D:2      | Reached skill level 1 in Charms
  1757 | D:2      | Reached skill level 1 in Necromancy
  1757 | D:2      | Reached skill level 1 in Transmutations
  1757 | D:2      | Reached skill level 1 in Fire Magic
  1757 | D:2      | Reached skill level 1 in Ice Magic
  1757 | D:2      | Reached skill level 1 in Air Magic
  1757 | D:2      | Reached skill level 1 in Earth Magic
  1757 | D:2      | Reached skill level 1 in Poison Magic
  1924 | D:3      | Found a sparkling altar of Nemelex Xobeh.
  2146 | D:3      | Reached XP level 5. HP: 37/37 MP: 3/14
  2321 | D:3      | Found a white marble altar of Elyvilon.
  2328 | D:3      | Found an ancient bone altar of Kikubaaqudgha.
  2328 | D:3      | Found a burning altar of Makhleb.
  2330 | D:3      | Found an ornate altar of the Wu Jian Council.
  2334 | D:3      | Found a stormy altar of Qazlal.
  2699 | D:4      | Found a glowing drain.
  2784 | Sewer    | Entered a sewer
  2920 | Sewer    | Noticed a big kobold
  2930 | Sewer    | Killed a big kobold
  2930 | Sewer    | Reached XP level 6. HP: 38/44 MP: 1/16
  3050 | Sewer    | Found a white marble altar of Elyvilon.
  3142 | D:4      | HP: 2/44 [gnoll/+0 whip (12)]
  3143 | D:4      | Slain by a gnoll

Levels and vault maps discovered:
D:1:      minmay_arrival_glassed_features, layout_basic
D:2:      kennysheep_big_flooded_room, layout_loops_ring, first_ration
D:3:      layout_basic, grunt_temple_overflow_open, overflow_temple_1_default,
          nemelex_altar_shiori
D:4:      layout_loops_ring, lemuel_crystal_altar, portal_sewer_entry_a,
          minmay_liquid_box, minmay_fractal_squares_diagonal_5

Skill      XL: |  1  2  3  4  5 |
---------------+----------------+-----
Conjurations   | 2 |  2.6
Summonings     | 2 |  2.6
Translocations | 2 |  2.6
Invocations    | 1 2 |  2.1
Fighting       | 1 |  1.9
Short Blades   | 1 |  1.9
Long Blades    | 1 |  1.9
Axes           | 1 |  1.9
Maces & Flails | 1 |  1.9
Polearms       | 1 |  1.9
Staves         | 1 |  1.9
Slings         | 1 |  1.9
Bows           | 1 |  1.9
Crossbows      | 1 |  1.9
Throwing       | 1 |  1.9
Armour         | 1 |  1.9
Shields        | 1 |  1.9
Unarmed Combat | 1 |  1.9
Evocations     | 1 |  1.9
Hexes          | 1 |  1.5
Charms         | 1 |  1.5
Necromancy     | 1 |  1.5
Transmutations | 1 |  1.5
Fire Magic     | 1 |  1.5
Ice Magic      | 1 |  1.5
Air Magic      | 1 |  1.5
Earth Magic    | 1 |  1.5
Poison Magic   | 1 |  1.5
Dodging        | |  4.9
Stealth        | |  4.5
Spellcasting   | |  7.4

Action                   |  1- 3 |  4- 6 || total
-------------------------+-------+-------++-------
Melee: Unarmed           |     2 |     4 ||     6
       Spear             |       |    51 ||    51
       Bite              |       |     5 ||     5
Throw: Dart              |       |     3 ||     3
 Cast: Magic Dart        |    70 |   144 ||   214
       Blink             |       |     6 ||     6
       Mephitic Cloud    |       |     3 ||     3
       Conjure Flame     |       |     2 ||     2
  Use: Scroll            |       |     4 ||     4
       Potion            |       |     1 ||     1
 Stab: Confused          |       |     1 ||     1
       Sleeping          |       |     1 ||     1
  Eat: Chunk             |       |     7 ||     7
Armor: Robe              |     1 |    13 ||    14
Dodge: Dodged            |    10 |    60 ||    70
